 Dungeon Crawl Stone Soup version 0.31.0-11-ge490571c62 (webtiles) character file.

Game seed: 6921014061398486104

1091 qw the Skirmisher (level 8, -2/46 HPs)
             Began as a Deep Elf Hunter on Feb 5, 2024.
             Succumbed to Eustachio's poison
             ... on level 6 of the Dungeon.
             The game lasted 00:00:40 (4723 turns).

qw the Skirmisher (Deep Elf Hunter)                 Turns: 4723, Time: 00:00:41

Health: -2/46      AC: 13    Str: 10    XL:     8   Next: 9%
Magic:  10/10      EV: 16    Int: 15    God:
Gold:   257        SH:  0    Dex: 18    Spells: 7/7 levels left

rFire   . . .        a - +2 shortbow
rCold   . . .        (shield currently unavailable)
rNeg    . . .        i - +1 ring mail
rPois   .            (no helmet)
rElec   .            (no cloak)
rCorr   .            (no gloves)
SInv    .            c - +2 pair of boots {rampage}
Will    .....        e - amulet of the acrobat
Stlth   +            b - +4 ring of protection
HPRegen 0.27/turn    f - +5 ring of evasion
MPRegen 0.12/turn

%: acrobat, rampage
@: lethally poisoned (-2 -> -24), about to teleport
A: no striking features
a: no special abilities


You were on level 6 of the Dungeon.
You visited 1 branch of the dungeon, and saw 6 of its levels.
You also visited: Sewer.

You collected 281 gold pieces.
You spent 24 gold pieces at shops.


   Skills:
 - Level 3.2 Fighting
 - Level 12.1 Ranged Weapons
 - Level 1.0 Armour
 + Level 3.4 Dodging
 - Level 1.2 Stealth


You had 7 spell levels left.
You didn't know any spells.
Your spell library was empty.

Inventory:

Hand Weapons
 a - a +2 shortbow (weapon)
Armour
 c - a +2 pair of boots of rampaging (worn)
 i - a +1 ring mail (worn)
Jewellery
 b - a +4 ring of protection (left hand)
 e - an amulet of the acrobat (around neck)
 f - a +5 ring of evasion (right hand)
Scrolls
 h - a scroll of teleportation
Potions
 j - a potion of curing
 m - a potion of might
 q - 2 potions of enlightenment

Dungeon Overview and Level Annotations

Branches:
Dungeon (6/15)              Sewer (visited)
 Temple: D:4-7

Altars:
Cheibriados
Dithmenos
Gozag

Shops:
D:1 ?   D:2 (

Annotations:
D:3 1 runed translucent door, Crazy Yiuf


Message History

Eustachio hits you but does no damage.
You are more poisoned.
You shoot an arrow. The arrow hits Eustachio!
Eustachio is heavily wounded.
You feel very sick. The rat bites you but does no damage.
Eustachio hits you but does no damage.
You are more poisoned.
You shoot an arrow. The arrow hits Eustachio.
Eustachio is heavily wounded.
You feel very sick.
The rat twitches its whiskers.
The rat bites you but does no damage. Eustachio hits you but does no damage.
You are lethally poisoned!
You shoot an arrow. The arrow hits Eustachio.
Eustachio is severely wounded.
You feel very sick. The rat closely misses you. Eustachio closely misses you.
You shoot an arrow. The arrow hits Eustachio.
Eustachio is severely wounded.
You feel very sick. The rat misses you.
Eustachio screams, "At last I'll have my revenge!"
Eustachio misses you.
4721 ||| READING 2 scrolls of teleportation.
As you read the scroll of teleportation, it crumbles to dust.
You feel strangely unstable.
You feel very sick. The rat barely misses you.
Eustachio hits you but does no damage.
You are more poisoned.
You shoot an arrow. The arrow hits Eustachio.
Eustachio is severely wounded.
You feel very sick. The rat misses you. Eustachio hits you but does no damage.
You are more poisoned.
You shoot an arrow. The arrow hits Eustachio!
You kill Eustachio!
The river rat disappears in a puff of smoke!
The quokka disappears in a puff of smoke!
The rat disappears in a puff of smoke! x2
You die...

#. #. #. #. ( #.
!.. #. #####
.....#¤###...#
7....¤)@¤.7'777+7
..7.##¤####7.....7
#. #<7.###.7 #5
#.7.....7 @r
#.'.._..+ .o
#.7.....7 #..
#.7.###.7 #.r
..7.. .7 #.#7+77


7 There were no monsters in sight!

Vanquished Creatures
  Eustachio (D:6)
  A steam dragon (D:4)
  An ogre (D:4)
  A phantom (D:6)
  A scorpion (D:4)
  A bombardier beetle (D:4)
  3 jellies
  4 hounds
  An orc priest (D:6)
  A sleepcap (D:4)
  An iguana (D:5)
  4 orc wizards
  8 gnolls
  5 river rats (Sewer)
  4 adders
  4 dart slugs
  4 ribbon worms
  14 orcs
  13 ball pythons
  12 bats
  6 endoplasms
  20 giant cockroaches
  7 goblins
  2 hobgoblins
  A jackal (Sewer)
  9 quokkas
  2 frilled lizards
  8 kobolds
  3 rats
142 creatures vanquished.

Notes
Turn   | Place    | Note
-------+----------+-------------------------------------------
     0 | D:1      | qw the Deep Elf Hunter began the quest for the Orb.
     0 | D:1      | Reached XP level 1. HP: 12/12 MP: 3/3
     0 | D:1      | 0 ||| qw: Version: 0.3-a-160-g6735b56
     0 | D:1      | 0 ||| qw: Game counter: 6289
     0 | D:1      | 0 ||| qw: Melee chars always use a shield: true
     0 | D:1      | 0 ||| qw: God list: Okawaru
     0 | D:1      | 0 ||| qw: Allow faded altars: false
     0 | D:1      | 0 ||| qw: Do Orc after clearing Dungeon:15 true
     0 | D:1      | 0 ||| qw: Do second Lair branch before Depths: true
     0 | D:1      | 0 ||| qw: Lair rune preference: random
     0 | D:1      | 0 ||| qw: Goals: Normal
     0 | D:1      | 0 ||| PLANNING D:1-11
    94 | D:1      | Reached XP level 2. HP: 16/16 MP: 4/4
   111 | D:1      | Reached skill level 6 in Ranged Weapons
   191 | D:1      | Found Gyt Hust's Magic Scroll Shop.
   194 | D:1      | 194 ||| BUYING scroll of identify (24 gold).
   194 | D:1      | Bought a scroll of identify for 24 gold pieces
   194 | D:1      | 194 ||| SHOPLISTING scroll of identify (24 gold, have 16).
   194 | D:1      | 194 ||| SHOPLISTING scroll of teleportation (36 gold, have
                  | 16).
   520 | D:1      | 520 ||| UPGRADING to +0 ring mail.
   530 | D:1      | 530 ||| DROPPING +0 leather armour.
   531 | D:1      | 531 ||| UPGRADING to amulet of the acrobat.
   536 | D:1      | 536 ||| READING scroll of identify.
   536 | D:1      | 536 ||| IDENTIFYING dark potion
   537 | D:1      | 537 ||| READING 2 scrolls labelled NIDDUL QIK ODO.
   638 | D:1      | 638 ||| READING scroll labelled HUIRIGUISTE.
   642 | D:1      | 642 ||| READING scroll labelled KYEMUANE HOSU.
   672 | D:1      | 672 ||| DROPPING scroll of butterflies.
   673 | D:1      | 673 ||| DROPPING potion of berserk rage.
   674 | D:1      | 674 ||| DROPPING scroll of vulnerability.
   747 | D:2      | Reached XP level 3. HP: 16/20 MP: 5/5
   855 | D:2      | Found Wainaul's Antique Weapon Shop.
  1130 | D:2      | Reached skill level 7 in Ranged Weapons
  1508 | D:2      | 1508 ||| UPGRADING to +1 pair of boots of rampaging.
  1513 | D:2      | 1513 ||| READING scroll of identify.
  1513 | D:2      | 1513 ||| IDENTIFYING black potion
  1514 | D:2      | 1514 ||| DRINKING 2 viscous white potions.
  1515 | D:2      | 1515 ||| DROPPING potion of magic.
  1525 | D:3      | 1525 ||| PLANNING SEWER
  1676 | D:3      | Reached XP level 4. HP: 25/25 MP: 6/6
  2051 | D:3      | Found a glowing drain.
  2079 | D:3      | 2079 ||| UPGRADING to +4 ring of protection.
  2080 | D:3      | 2080 ||| UPGRADING to +5 ring of evasion.
  2081 | D:3      | 2081 ||| DROPPING +6 ring of strength.
  2082 | D:3      | 2082 ||| READING scroll labelled ISMYVA DAYRUCW.
  2089 | Sewer    | Entered a sewer
  2091 | Sewer    | Reached skill level 8 in Ranged Weapons
  2291 | Sewer    | Reached XP level 5. HP: 18/29 MP: 7/7
  2700 | Sewer    | 2700 ||| READING scroll of identify.
  2700 | Sewer    | 2700 ||| IDENTIFYING glowing dark potion
  2701 | Sewer    | 2701 ||| READING scroll labelled WUOSEMI JOENA.
  2701 | Sewer    | 2701 ||| ENCHANTING +1 pair of boots of rampaging.
  2702 | Sewer    | 2702 ||| READING 2 scrolls labelled DEFARR MEIRO.
  2702 | Sewer    | 2702 ||| ENCHANTING +0 shortbow.
  2703 | Sewer    | 2703 ||| READING scroll of enchant weapon.
  2703 | Sewer    | 2703 ||| ENCHANTING +1 shortbow.
  2704 | Sewer    | 2704 ||| READING scroll labelled WYFFISEICUI.
  2705 | Sewer    | 2705 ||| READING scroll labelled ZUNUEF SUBRYMU.
  2706 | Sewer    | 2706 ||| DROPPING potion of ambrosia.
  2729 | D:3      | 2729 ||| PLANNING D:1-11
  2799 | D:3      | Identified the +4 hammer of Zealous Gallantry {flame, rElec
                  | rN+}
  2802 | D:3      | Found a runed translucent door.
  2803 | D:3      | Noticed Crazy Yiuf
  2852 | D:3      | 2852 ||| DRINKING 2 puce potions.
  2898 | D:4      | Reached skill level 9 in Ranged Weapons
  2919 | D:4      | Reached XP level 6. HP: 35/35 MP: 8/8
  3034 | D:4      | Noticed a steam dragon
  3043 | D:4      | HP: 5/35 [steam dragon (6)]
  3044 | D:4      | 3044 ||| READING scroll of teleportation.
  3045 | D:4      | 3045 ||| DRINKING potion of heal wounds.
  3046 | D:4      | Killed a steam dragon
  3047 | D:4      | Reached skill level 10 in Ranged Weapons
  3047 | D:4      | 3047 ||| Stepping ~*~*~tactically~*~*~ (cloud).
  3199 | D:4      | 3199 ||| READING scroll of enchant armour.
  3199 | D:4      | 3199 ||| ENCHANTING +0 ring mail.
  3221 | D:4      | Reached skill level 3 in Dodging
  3422 | D:4      | Reached skill level 1 in Armour
  3422 | D:4      | 3422 ||| FLEEEEING.
  3423 | D:4      | 3423 ||| FLEEEEING.
  3424 | D:4      | 3424 ||| FLEEEEING.
  3425 | D:4      | 3425 ||| FLEEEEING.
  3426 | D:4      | 3426 ||| FLEEEEING.
  3427 | D:4      | 3427 ||| FLEEEEING.
  3428 | D:4      | 3428 ||| FLEEEEING.
  3429 | D:4      | 3429 ||| FLEEEEING.
  3430 | D:4      | 3430 ||| FLEEEEING.
  3431 | D:4      | 3431 ||| FLEEEEING.
  3432 | D:4      | 3432 ||| FLEEEEING.
  3433 | D:4      | 3433 ||| FLEEEEING.
  3434 | D:4      | 3434 ||| FLEEEEING.
  3435 | D:4      | 3435 ||| FLEEEEING.
  3436 | D:4      | 3436 ||| FLEEEEING.
  3437 | D:4      | 3437 ||| FLEEEEING.
  3438 | D:4      | 3438 ||| FLEEEEING.
  3439 | D:4      | 3439 ||| FLEEEEING.
  3440 | D:4      | 3440 ||| FLEEEEING.
  3441 | D:4      | 3441 ||| FLEEEEING.
  3442 | D:4      | 3442 ||| FLEEEEING.
  3443 | D:4      | 3443 ||| FLEEEEING.
  3444 | D:4      | 3444 ||| FLEEEEING.
  3445 | D:4      | 3445 ||| FLEEEEING.
  3446 | D:4      | 3446 ||| FLEEEEING.
  3447 | D:4      | 3447 ||| FLEEEEING.
  3448 | D:4      | 3448 ||| FLEEEEING.
  3449 | D:4      | 3449 ||| FLEEEEING.
  3450 | D:4      | 3450 ||| FLEEEEING.
  3451 | D:4      | 3451 ||| FLEEEEING.
  3452 | D:4      | 3452 ||| FLEEEEING.
  3453 | D:4      | 3453 ||| FLEEEEING.
  3454 | D:4      | 3454 ||| FLEEEEING.
  3455 | D:4      | 3455 ||| FLEEEEING.
  3456 | D:4      | 3456 ||| FLEEEEING.
  3471 | D:4      | Reached XP level 7. HP: 35/40 MP: 9/9
  3721 | D:4      | Reached skill level 11 in Ranged Weapons
  3730 | D:4      | Found a snail-covered altar of Cheibriados.
  3841 | D:4      | 3841 ||| READING scroll of identify.
  3841 | D:4      | 3841 ||| IDENTIFYING pink potion
  3842 | D:4      | 3842 ||| DROPPING potion of brilliance.
  3850 | D:5      | Entered Level 5 of the Dungeon
  3851 | D:5      | 3851 ||| STAIRDANCE
  3876 | D:5      | 3876 ||| STAIRDANCE
  3880 | D:4      | 3880 ||| Stepping randomly (disturbance).
  3881 | D:4      | 3881 ||| Stepping randomly (disturbance).
  3882 | D:4      | 3882 ||| Stepping randomly (disturbance).
  3883 | D:4      | 3883 ||| Stepping randomly (disturbance).
  3885 | D:4      | 3885 ||| DRINKING potion of curing.
  3885 | D:4      | 3885 ||| (to cure confusion)
  3994 | D:5      | 3994 ||| FLEEEEING.
  4008 | D:5      | 4008 ||| FLEEEEING.
  4009 | D:5      | 4009 ||| FLEEEEING.
  4013 | D:5      | Reached skill level 12 in Ranged Weapons
  4016 | D:5      | HP: 10/40 [something (3)]
  4021 | D:5      | HP: 4/40 [something/puff of flame (7)]
  4542 | D:5      | Found an opulent altar of Gozag.
  4643 | D:5      | 4643 ||| READING 2 scrolls of identify.
  4643 | D:5      | 4643 ||| IDENTIFYING emerald potion
  4644 | D:5      | 4644 ||| READING scroll of identify.
  4644 | D:5      | 4644 ||| IDENTIFYING scroll labelled BODUET APPEIP
  4645 | D:5      | 4645 ||| DROPPING scroll of immolation.
  4667 | D:6      | Found a shadowy altar of Dithmenos.
  4687 | D:6      | Noticed Eustachio
  4688 | D:6      | Reached skill level 3 in Fighting
  4688 | D:6      | Reached XP level 8. HP: 46/46 MP: 10/10
  4693 | D:6      | 4693 ||| RETREEEEATING.
  4720 | D:6      | HP: 11/46 [poisoned by Eustachio]
  4721 | D:6      | 4721 ||| READING 2 scrolls of teleportation.
  4722 | D:6      | HP: 3/46 [poisoned by Eustachio]
  4723 | D:6      | Killed Eustachio
  4723 | D:6      | Succumbed to Eustachio's poison

Levels and vault maps discovered:
D:1:      kennysheep_arrival_forest, layout_basic, serial_shops,
          nicolae_shop_rolled_up
D:2:      layout_basic, serial_shops, shop, st_stairs_14,
          kennysheep_generic_room_8
D:3:      minmay_roachtagon, layout_basic, gup_sewer_entry_pipe,
          uniq_crazy_yiuf_cottage
D:4:      layout_basic, slow_altar_1, minmay_misc_feat_hallway, minivault_1
D:5:      layout_gridville, grunt_gozag_breadcrumbs, ldierk_geyser
D:6:      layout_basic, mainiacjoe_overflow_large_starburst, elyvilon_altar_5,
          mainiacjoe_overflow_six_doors_small, mainiacjoe_overflow_paths,
          minmay_temple_entry_statues_pillars, uniq_eustachio

Skill      XL: |  1  2  3  4  5  6  7 |
---------------+----------------------+-----
Ranged Weapons | 6 7 8 9 10 12 | 12.1
Fighting       | 2 3 |  3.2
Dodging        | 3 |  3.4
Armour         | 1 |  1.0
Stealth        | |  1.2

Action                     |  1- 3 |  4- 6 |  7- 9 || total
---------------------------+-------+-------+-------++-------
   Fire: Shortbow          |   110 |   238 |   182 ||   530
    Use: Scroll            |     5 |     9 |     4 ||    18
         Potion            |     1 |     2 |     1 ||     4
 Armour: Leather armour    |     5 |       |       ||     5
         Ring mail         |    10 |    66 |   107 ||   183
  Dodge: Dodged            |     8 |   111 |    95 ||   214

Table legend:
 A = Non-vault XP
 B = Vault XP
 C = Vault XP percentage of total XP
 D = Non-vault monster count
 E = Vault monster count
 F = Vault count percentage of total count
                 A         B        C        D         E       F
            +---------+---------+-------+---------+---------+-------
      Total |    1345 |     405 |  23.1 |      98 |      44 |  31.0
            +---------+---------+-------+---------+---------+-------
        D:1 |      35 |       0 |   0.0 |      18 |       0 |   0.0
        D:2 |      34 |       6 |  15.0 |      17 |       2 |  10.5
        D:3 |      36 |      32 |  47.1 |      14 |      16 |  53.3
        D:4 |     728 |      48 |   6.2 |      26 |       1 |   3.7
        D:5 |     358 |       0 |   0.0 |      19 |       0 |   0.0
        D:6 |     154 |     191 |  55.4 |       4 |       1 |  20.0
      Sewer |       0 |     128 | 100.0 |       0 |      24 | 100.0
            +---------+---------+-------+---------+---------+-------
